Map: Acropolis LE

Players

soojung - Winner!

  • Race: Zerg Zerg
  • League: Diamond
  • Spawn Location: 5:00

pHARM

  • Race: Zerg Zerg
  • League: Platinum
  • Spawn Location: 11:00

VOD

Have the link to the VOD?

Description

Time

  • Played on: June 29, 2019, 5:23 p.m.
  • Length: 3:47
Show
View Real Time Build Order
Export as new Build Order

soojung Zerg - Winner!

Build Orders: Pool First 

Get SALT Encoding   

  12  0:01  Drone  
  13  0:08  Drone  
  14  0:25  Spawning Pool  
  13  0:30  Drone  
  14  0:37  Drone, Extractor  
  14  1:03  Hatchery  
  13  1:20  Overlord  
  13  1:27  Spine Crawler  
  13  1:45  Queen  
  15  1:52  Metabolic Boost  
  15  1:54  Zergling x2  
  15  1:55  Zergling x2  
  15  1:58  Zergling x2  
  18  2:12  Zergling x2  
  19  2:23  Zergling x4  
  21  2:47  Zergling x2  
  21  2:48  Zergling x8  
  26  2:55  Zergling x2  
  26  2:56  Zergling x2  
  28  3:12  Overlord x2  
  28  3:13  Overlord  
  28  3:27  Overlord  
Show
View Real Time Build Order
Export as new Build Order

pHARM Zerg 

Build Orders: Hatch First 

Get SALT Encoding   

  12  0:01  Drone  
  13  0:11  Drone  
  14  0:17  Overlord  
  14  0:36  Drone x3  
  17  0:53  Hatchery  
  16  0:57  Drone  
  16  1:00  Drone  
  18  1:08  Drone  
  19  1:11  Extractor  
  18  1:22  Spawning Pool  
  18  1:23  Drone  
  18  1:35  Drone  
  19  1:50  Drone  
  20  2:05  Drone x2  
  22  2:10  Zergling x2, Queen  
  22  2:11  Queen  
  27  2:28  Overlord  
  27  2:37  Drone  
  27  2:40  Drone, Hatchery  
  28  2:53  Drone  
  28  2:54  Drone x4  
  32  3:16  Zergling x2  
  32  3:17  Zergling x4  
  35  3:25  Baneling Nest  
  34  3:28  Overlord x2  
  34  3:29  Zergling x2  
Tags
 
Matchup
ZvZ
Race
Zerg
Replay Pack
10.7.19
Spawn Locations
Cross Positions
Add a new tag
Caveats
  • Supply blocks, unpowered buildings, or Contaminate may cause inaccurate times.
  • Supply counts are checked every 10 seconds.